 Dungeon Crawl Stone Soup version 0.28-a0-1213-g0243856f03 (webtiles) character file.

Game seed: 17026102893086457873

23 frimble the Grasshopper (level 2, -1/22 HPs)
             Began as a Demonspawn Warper on Dec 22, 2021.
             Slain by a kobold (4 damage)
             ... on level 3 of the Dungeon.
             The game lasted 00:01:34 (1479 turns).

frimble the Grasshopper (Demonspawn Warper)         Turns: 1479, Time: 00:01:34

Health: -1/22      AC:  7    Str: 11    XL:     2   Next: 72%
Magic:  5/5        EV: 12    Int: 14    God:
Gold:   33         SH:  0    Dex: 14    Spells: 5/5 levels left

rFire   . . .      SeeInvis .   e - +1 dagger (protect)
rCold   . . .      Faith    .   (no shield)
rNeg    . . .      Spirit   .   b - +0 leather armour
rPois   .          Reflect  .   (no helmet)
rElec   .          Harm     .   (no cloak)
rCorr   .          Rampage  .   (no gloves)
Will    .....                   (no boots)
Stlth   ++........              (no amulet)
HPRegen 0.07/turn               h - +4 ring of protection
MPRegen 0.09/turn               (no ring)

@: no status effects
A: thin skeletal structure 1
a: no special abilities


You were on level 3 of the Dungeon.
You visited 1 branch of the dungeon, and saw 3 of its levels.

You collected 33 gold pieces.

Inventory:

Hand Weapons
 a - a +0 falchion
 e - a +1 dagger of protection (weapon)
Missiles
 d - 4 boomerangs of dispersal (quivered)
 i - 2 boomerangs
Armour
 b - a +0 leather armour (worn)
Jewellery
 h - a +4 ring of protection (left hand)
Scrolls
 c - a scroll of blinking
 f - a scroll of vulnerability {unknown}
 g - a scroll of identify {unknown}


   Skills:
 - Level 2.0 Fighting
 + Level 2.4 Long Blades
 - Level 0.8 Throwing
 - Level 0.8 Armour
 + Level 2.4 Dodging
 - Level 2.0 Spellcasting
 - Level 2.6 Translocations


You had 5 spell levels left.
You didn't know any spells.
Your spell library contained the following spells:

 Spells                   Type           Power      Damage    Failure   Level
 Blink                    Tloc           16%        N/A       16%         2
 Gell's Gravitas          Tloc           8%         N/A       30%         3
 Lesser Beckoning         Tloc           8%         N/A       30%         3
 Teleport Other           Tloc           8%         N/A       30%         3
 Manifold Assault         Tloc           8%         N/A       96%         5


Dungeon Overview and Level Annotations

Branches:
Dungeon (3/15)

Altars:

Shops:
D:1 ?


Innate Abilities, Weirdness & Mutations

You have a somewhat thin skeletal structure. (Dex +2, Stealth+)


Message History

* * * LOW HITPOINT WARNING * * *
It was a potion of resistance.
You feel protected. The goblin hits you but does no damage.
The hobgoblin hits you but does no damage.
The kobold misses you.
It was a potion of cancellation.
Your magical effects are unravelling.
You feel magically purged.
Your resistance to elements expires.
The goblin hits you but does no damage.
The hobgoblin hits you but does no damage.
The kobold hits you but does no damage.
You closely miss the goblin.
The goblin is moderately wounded.
The goblin hits you but does no damage.
The hobgoblin hits you but does no damage.
The kobold hits you with a +0 short sword.
* * * LOW HITPOINT WARNING * * *
The goblin misses you.
You miss the goblin.
The goblin is moderately wounded.
The hobgoblin closely misses you. The kobold hits you but does no damage.
The goblin barely misses you.
You hit the goblin.
The goblin is heavily wounded.
The hobgoblin barely misses you. The kobold closely misses you.
The goblin misses you.
You hit the goblin.
You kill the goblin!
The hobgoblin hits you but does no damage.
The kobold hits you but does no damage.
The hobgoblin hits you but does no damage.
You see here a +1 dagger of protection.
e - a +1 dagger of protection The kobold misses you.
Your +1 dagger of protection hums with potential!
e - a +1 dagger of protection (weapon)
The kobold hits you with a +0 short sword.
You die...

. #.
#.##
...##
...
#b#####
#gK@..#
#####.#
.. ##


You could see a hobgoblin, a bat and a kobold.

Vanquished Creatures
  2 endoplasms (D:1)
  2 giant cockroaches (D:1)
  2 hobgoblins (D:1)
  3 kobolds (D:1)
  3 quokkas (D:1)
  2 bats (D:1)
  A frilled lizard (D:1)
  4 goblins
19 creatures vanquished.

Vanquished Creatures (others)
  5 plants (D:1)
5 creatures vanquished.

Grand Total: 24 creatures vanquished

Notes
Turn   | Place    | Note
-------+----------+-------------------------------------------
     0 | D:1      | frimble the Demonspawn Warper began the quest for the Orb.
     0 | D:1      | Reached XP level 1. HP: 16/16 MP: 3/3
    15 | D:1      | Found Reruxir's Magic Scroll Boutique.
   347 | D:1      | Found a faded altar of an unknown god.
   488 | D:1      | Gained mutation: You have a somewhat thin skeletal
                  | structure. (Dex +2, Stealth+) [demonic ancestry]
   488 | D:1      | Reached XP level 2. HP: 19/22 MP: 5/5
  1479 | D:3      | Slain by a kobold

Illustrated notes

Levels and vault maps discovered:
D:1:      psy_arrival_statuary, layout_basic, serial_bayou,
          serial_bayou_shore_a, serial_bayou_pond_c, serial_bayou_lagoon_a,
          serial_bayou_crossing, serial_bayou_pond_e, serial_bayou_lagoon_b,
          serial_shops, shop_fountains, ebering_ecumenical_altar_box
D:2:      minmay_evil_eye, layout_basic, minmay_octomino_e4, uniq_jessica
D:3:      layout_rooms, hellmonk_ghost_happy_afterlife

Skill      XL: |  1 |
---------------+----+-----
Long Blades    | 2 |  2.4
Dodging        | 2 |  2.4
Fighting       | |  2.0
Throwing       | |  0.8
Armour         | |  0.8
Spellcasting   | |  2.0
Translocations | |  2.6

Action                   || total
-------------------------++-------
Melee: Falchion          ||    96
Throw: Boomerang         ||     1
  Use: Potion            ||     2
 Stab: Sleeping          ||     4
Armor: Leather armour    ||    70
Dodge: Dodged            ||   100

Table legend: (Time is in decaauts)
 A = Elapsed time spent in this place.
 B = Non-inter-level travel time spent in this place.
 C = Inter-level travel time spent in this place.
 D = Time resting spent in this place.
 E = Time spent auto-exploring this place.
 F = Levels seen in this place.
 G = Mean time per level.
                   A        B        C        D        E       F      G
               +--------+--------+--------+--------+--------+-----+--------+
         Total |   1549 |   1540 |      9 |    252 |   1021 |   3 |  516.3 |
       Dungeon |   1549 |   1540 |      9 |    252 |   1021 |   3 |  516.3 |
               +--------+--------+--------+--------+--------+-----+--------+

Top non-repeatable levels by time:
     D:1: 1237 daAuts
     D:3: 269 daAuts
     D:2: 41 daAuts
